 Dungeon Crawl Stone Soup version 0.28-a0-1429-gf3d713df7a (webtiles) character file.

Game seed: 9072689865469916799

1182 browni3141 the Shield-Bearer (level 8, -1/87 HPs)
             Began as a Human Fighter on Jan 8, 2022.
             Slain by a wight (7 damage)
             ... on level 5 of the Dungeon.
             The game lasted 00:09:49 (7406 turns).

browni3141 the Shield-Bearer (Human Fighter)        Turns: 7406, Time: 00:09:50

Health: -1/87      AC: 24    Str: 18    XL:     8   Next: 70%
Magic:  8/8        EV:  2    Int:  8    God:
Gold:   316        SH:  6    Dex: 14    Spells: 7/7 levels left

rFire   . . .      SeeInvis .   a - +0 long sword
rCold   + . .      Faith    .   c - +0 buckler
rNeg    . . .      Spirit   .   (armour currently unavailable)
rPois   +          Reflect  .   (helmet currently unavailable)
rElec   .          Harm     .   (cloak currently unavailable)
rCorr   .          Rampage  .   (gloves currently unavailable)
Will    .....      NoTele   +   (boots currently unavailable)
Stlth   +.........              (no amulet)
HPRegen 0.24/turn               f - ring of poison resistance
MPRegen 0.11/turn               g - ring of protection from cold

@: tree-form
A: stationary, stasis, torment immunity, boosted hp
a: no special abilities


You were on level 5 of the Dungeon.
You were a tree.
You visited 1 branch of the dungeon, and saw 5 of its levels.

You collected 316 gold pieces.

Inventory:

Hand Weapons
 a - a +0 long sword (weapon)
 b - a +2 dagger of venom
 d - a +0 hand crossbow
 y - a +0 giant club
Missiles
 w - 47 bolts
Armour
 c - a +0 buckler (worn)
 h - a +0 scale mail (melded)
Jewellery
 f - a ring of poison resistance (left branch)
 g - a ring of protection from cold (right branch)
 i - a ring of fire
Wands
 x - a wand of iceblast (9)
 A - a wand of flame (19)
Scrolls
 j - 2 scrolls of noise
 k - a scroll of torment
 m - a scroll of holy word
 n - a scroll of brand weapon {unknown}
 r - a scroll of enchant weapon {unknown}
 u - 2 scrolls of teleportation {unknown}
 v - a scroll of magic mapping {unknown}
Potions
 e - a potion of heal wounds {unknown}
 l - a potion of flight {unknown}
 o - a potion of brilliance {unknown}
 p - a potion of curing
 q - a potion of resistance {unknown}
 s - 2 potions of lignification
 z - a potion of invisibility {unknown}


   Skills:
 - Level 3.0 Fighting
 - Level 6.0 Long Blades
 - Level 3.0 Armour
 - Level 7.0 Shields
 + Level 4.6 Evocations


You had 7 spell levels left.
You didn't know any spells.
Your spell library contained the following spells:

 Spells                   Type           Power      Damage    Failure   Level
 Ensorcelled Hibernation  Hex/Ice        0%         N/A       63%         2
 Tukima's Dance           Hex            0%         N/A       86%         3
 Enfeeble                 Hex            0%         N/A       100%        7


Dungeon Overview and Level Annotations

Branches:
Dungeon (5/15)
 Temple: D:4-7

Altars:
Elyvilon
Sif Muna
Vehumet


Message History

Your +0 scale mail melds into your body.
Your roots penetrate the ground.
The warg bites you.
* * * LOW HITPOINT WARNING * * *
The warg bites you but does no damage.
Unknown command.
You hit the warg but do no damage.
The warg is lightly wounded.
The wight hits you with a +4 falchion.
* * * LOW HITPOINT WARNING * * *
The warg bites you.
* * * LOW HITPOINT WARNING * * *
The wight hits you but does no damage.
You completely miss the warg.
The warg is lightly wounded.
The warg bites you but does no damage. The wight hits you but does no damage.
You block the warg's attack.
Unknown command.
You slash the warg!
The warg is heavily wounded.
You block the warg's attack. You block the wight's attack.
Unknown command.
You hit the warg.
The warg is heavily wounded.
You block the warg's attack. The wight hits you with a +4 falchion!
* * * LOW HITPOINT WARNING * * *
The warg bites you.
* * * LOW HITPOINT WARNING * * *
Unknown command.
You slash the warg!
The warg is severely wounded.
The warg bites you but does no damage. The wight hits you but does no damage.
Unknown command.
You closely miss the warg.
The warg is severely wounded.
The warg bites you but does no damage. The wight hits you but does no damage.
Unknown command.
You barely miss the warg.
The warg is severely wounded.
The warg barely misses you. The wight hits you with a +4 falchion!
You die...

.....5#.(#.....
...Z.h#..#......
..#####..#####..
......#..#......
.....#..#......
####..#..#..####
.....Z#..#.....
.....D#..#......
..#####♣.#####..#
......hz........#
................#
#################


You could see a warg, an acid dragon, a wight and a howler monkey zombie.

Vanquished Creatures
  3 centaurs (D:5)
  2 scorpions (D:5)
  A water moccasin skeleton (D:5)
  2 bullfrog zombies (D:5)
  5 hounds
  2 jellies
  A bullfrog skeleton (D:5)
  An orc priest (D:5)
  A centaur skeleton (D:5)
  5 orc wizards
  2 iguanas
  A hound zombie (D:5)
  6 gnolls
  4 adders
  An ufetubus (D:5)
  An adder skeleton (D:4)
  An adder zombie (D:5)
  A worm (D:2)
  4 dart slugs
  6 orcs
  8 bats
  14 endoplasms
  2 giant cockroaches
  3 hobgoblins
  8 jackals
  7 quokkas
  6 ball pythons
  3 frilled lizards
  9 goblins
  17 kobolds
  4 rats
131 creatures vanquished.

Vanquished Creatures (others)
  5 fungi (D:3)
  9 toadstools (D:3)
14 creatures vanquished.

Grand Total: 145 creatures vanquished

Notes
Turn   | Place    | Note
-------+----------+-------------------------------------------
     0 | D:1      | browni3141 the Human Fighter began the quest for the Orb.
     0 | D:1      | Reached XP level 1. HP: 18/18 MP: 1/1
   154 | D:1      | Reached XP level 2. HP: 22/24 MP: 2/2
   256 | D:1      | Reached skill level 4 in Shields
   256 | D:1      | Reached XP level 3. HP: 22/29 MP: 3/3
   344 | D:1      | Found a faded altar of an unknown god.
  1010 | D:2      | Reached XP level 4. HP: 35/35 MP: 4/4
  1828 | D:3      | Found a white marble altar of Elyvilon.
  2176 | D:3      | Reached XP level 5. HP: 27/41 MP: 5/5
  2545 | D:3      | Found a shimmering blue altar of Sif Muna.
  3736 | D:3      | Reached skill level 5 in Shields
  3791 | D:4      | Reached XP level 6. HP: 45/47 MP: 6/6
  3919 | D:4      | Found a radiant altar of Vehumet.
  4939 | D:5      | Entered Level 5 of the Dungeon
  4949 | D:5      | Reached XP level 7. HP: 26/52 MP: 7/7
  5183 | D:5      | Reached skill level 5 in Long Blades
  5270 | D:5      | Reached skill level 6 in Shields
  5823 | D:5      | Reached skill level 1 in Evocations
  6239 | D:4      | Reached XP level 8. HP: 47/58 MP: 8/8
  6690 | D:5      | Reached skill level 7 in Shields
  7406 | D:5      | Slain by a wight

Illustrated notes

Levels and vault maps discovered:
D:1:      minmay_arrival_doors, layout_basic, shapermc_ecumenical_altar_petra
D:2:      layout_basic, minmay_fountain_box, st_stairs_9
D:3:      cheibrodos_fertilizer, layout_basic, elyvilon_altar_4,
          nicolae_sif_muna_little_library
D:4:      layout_basic, lemuel_doored_altar
D:5:      kennysheep_windowed_halls, layout_basic, kennysheep_generic_room_4

Skill      XL: |  1  2  3  4  5  6  7  8 |
---------------+-------------------------+-----
Shields        | 4 5 6 7 |  7.0
Long Blades    | 3 4 6 |  6.0
Evocations     | 1 4 |  4.6
Fighting       | |  3.0
Armour         | |  3.0

Action                   |  1- 3 |  4- 6 |  7- 9 || total
-------------------------+-------+-------+-------++-------
Melee: Long sword        |   106 |   247 |    92 ||   445
       Dagger            |       |       |    55 ||    55
 Fire: Hand crossbow     |       |       |    10 ||    10
Evoke: Wand              |       |       |     2 ||     2
  Use: Scroll            |       |     3 |       ||     3
       Potion            |       |       |     3 ||     3
Armor: Scale mail        |    64 |    85 |    78 ||   227
       Skin              |       |       |     8 ||     8
Dodge: Dodged            |    50 |    97 |    68 ||   215
Block: Buckler           |    39 |    64 |    54 ||   157

Table legend: (Time is in decaauts)
 A = Elapsed time spent in this place.
 B = Non-inter-level travel time spent in this place.
 C = Inter-level travel time spent in this place.
 D = Time resting spent in this place.
 E = Time spent auto-exploring this place.
 F = Levels seen in this place.
 G = Mean time per level.
                   A        B        C        D        E       F      G
               +--------+--------+--------+--------+--------+-----+--------+
         Total |   7515 |   6991 |    524 |   1163 |   4301 |   5 | 1503.0 |
       Dungeon |   7515 |   6991 |    524 |   1163 |   4301 |   5 | 1503.0 |
               +--------+--------+--------+--------+--------+-----+--------+

Top non-repeatable levels by time:
     D:5: 1883 daAuts
     D:3: 1848 daAuts
     D:2: 1446 daAuts
     D:4: 1270 daAuts
     D:1: 1066 daAuts
